 Dungeon Crawl Stone Soup version 0.32-a0-468-g38b2580584 (webtiles) character file.

Game seed: 16809358600823939905

226 anacleto the Magician (level 5, -11/28 HPs)
             Began as a Deep Elf Earth Elementalist on Feb 24, 2024.
             Mangled by Terence
             ... wielding a +1 falchion of electrocution
              (16 damage)
             ... on level 3 of the Dungeon.
             The game lasted 00:04:46 (1600 turns).

anacleto the Magician (Deep Elf Earth Elementalist) Turns: 1600, Time: 00:04:48

Health: -11/28     AC:  3    Str:  5    XL:     5   Next: 69%
Magic:  13/13      EV: 18    Int: 22    God:
Gold:   78         SH:  0    Dex: 15    Spells: 8/12 levels left

rFire   x . .        a - +0 arbalest
rCold   . . .        (shield currently unavailable)
rNeg    . . .        l - +0 robe
rPois   .            (no helmet)
rElec   .            g - +0 cloak
rCorr   .            (no gloves)
SInv    .            (no boots)
Will    .....        (no amulet)
Stlth   +++          e - +5 ring of evasion
HPRegen 0.24/turn    (no ring)
MPRegen 0.13/turn

%: no passive effects
@: no status effects
A: screaming 1, no potion heal 1, heat vulnerability 1
a: no special abilities


You were on level 3 of the Dungeon.
You visited 1 branch of the dungeon, and saw 3 of its levels.

You collected 78 gold pieces.

Inventory:

Hand Weapons
 a - a +0 arbalest (weapon)
 h - a +0 vampiric dagger
Missiles
 f - 3 atropa-tipped darts
Armour
 g - a +0 cloak (worn)
 l - a +0 robe (worn)
 m - a +0 robe of cold resistance
Jewellery
 c - an amulet of faith
 e - a +5 ring of evasion (left hand)
Scrolls
 d - 3 scrolls of identify
Potions
 b - a potion of magic
 k - a potion of attraction {unknown}


   Skills:
 + Level 2.3 Ranged Weapons
 + Level 3.7 Dodging
 + Level 4.0 Stealth
 + Level 4.2 Spellcasting
 + Level 2.6 Conjurations
 + Level 4.1 Earth Magic


You had 8 spell levels left.
You knew the following spells:

 Your Spells              Type           Power      Damage    Failure   Level
a - Sandblast             Erth           46%        2d11      1%          1
b - Stone Arrow           Conj/Erth      38%        3d9       9%          3

Your spell library contained the following spells:

 Spells                   Type           Power      Damage    Failure   Level
 Passwall                 Erth           23%        N/A       6%          3
 Brom's Barrelling Bould  Conj/Erth      19%        2d4       26%         4
 Petrify                  Alch/Erth      13%        N/A       43%         4


Dungeon Overview and Level Annotations

Branches:
Dungeon (3/15)

Altars:

Annotations:
D:3 Terence


Innate Abilities, Weirdness & Mutations

You occasionally shout uncontrollably at your foes.
Potions are less effective at restoring your health.
You are vulnerable to heat. (rF-)


Message History

Casting: Sandblast (safe; 1% risk of failure)
Confirm with . or Enter, or press ? or * to list all spells.
Aiming: Sandblast (safe; 1% risk of failure)
Press: ? - help, Shift-Dir - straight line, f/p - Terence
Aim: Terence, wielding a +1 falchion of electrocution and wearing a +0 scale mail (85% to hit)
The blast of sand hits Terence.
Terence is lightly wounded.
Terence hits you with a +1 falchion of electrocution.
You are electrocuted!
Ouch! That really hurt!
* * * LOW HITPOINT WARNING * * *
Casting: Sandblast (safe; 1% risk of failure)
Confirm with . or Enter, or press ? or * to list all spells.
Okay, then.
As you read the scroll labelled EVVETHR ZUVUORPH, it crumbles to dust.
It is a scroll of identify.
i - a potion of curing Terence misses you.
You feel better. Terence misses you. Terence attacks as he pursues you!
Terence barely misses you. Terence attacks as he pursues you!
Terence barely misses you. Terence says, "How do you enjoy it?"
Terence attacks as he pursues you!
Terence hits you with a +1 falchion of electrocution!
* * * LOW HITPOINT WARNING * * *
There is a stone staircase leading down here.
Terence closely misses you.
You climb downwards.
You hear the sound of rushing water.
There is an entrance to a sewer on this level.
Hurry and find it before the portal rusts away!
There is a stone staircase leading up here.
It was a potion of mutation.
You feel extremely strange.
You feel vulnerable to heat.
You feel the urge to shout.
Your system partially rejects the healing effects of potions.
Terence hits you with a +1 falchion of electrocution.
* * * LOW HITPOINT WARNING * * *
You are electrocuted!
Ouch! That really hurt!
You die...
Terence says, "Rest in peace." ######### ......@@# #########

You could see Terence.

Vanquished Creatures
  Sigmund (D:2)
  Jessica (D:2)
  A dart slug (D:1)
  6 ball pythons
  2 endoplasms (D:1)
  4 giant cockroaches (D:1)
  6 goblins
  2 hobgoblins
  A quokka (D:1)
  4 frilled lizards (D:1)
  4 kobolds (D:1)
  3 rats
35 creatures vanquished.

Notes
Turn   | Place    | Note
-------+----------+-------------------------------------------
     0 | D:1      | anacleto the Deep Elf Earth Elementalist began the quest
                  | for the Orb.
     0 | D:1      | Reached XP level 1. HP: 10/10 MP: 6/6
   181 | D:1      | Reached XP level 2. HP: 15/15 MP: 5/8
   769 | D:1      | Reached XP level 3. HP: 19/19 MP: 9/9
  1269 | D:1      | Learned a level 3 spell: Stone Arrow
  1371 | D:2      | Noticed Sigmund
  1371 | D:2      | Noticed Jessica
  1384 | D:2      | Killed Sigmund
  1385 | D:2      | Reached XP level 4. HP: 23/24 MP: 4/12
  1385 | D:2      | Reached XP level 5. HP: 27/28 MP: 4/13
  1398 | D:2      | Killed Jessica
  1572 | D:2      | Noticed Terence
  1600 | D:3      | Gained mutation: You are vulnerable to heat. (rF-) [potion
                  | of mutation]
  1600 | D:3      | Gained mutation: You occasionally shout uncontrollably at
                  | your foes. [potion of mutation]
  1600 | D:3      | Gained mutation: Potions are less effective at restoring
                  | your health. [potion of mutation]
  1600 | D:3      | Mangled by Terence

Illustrated notes

Levels and vault maps discovered:
D:1:      wheals_arrival_linesprint, layout_basic,
          shapermc_ecumenical_altar_petra, hangedman_decor_peaks_small,
          chequers_mini_garden, minmay_hexomino_c4
D:2:      layout_loops_cross, uniq_jessica, uniq_terence, uniq_sigmund
D:3:      layout_basic, grunt_temple_overflow_open, portal_sewer_entry_d,
          uniq_pargi, uniq_grinder

Skill      XL: |  1  2  3  4  5 |
---------------+----------------+-----
Stealth        | 3 4 |  4.0
Ranged Weapons | 2 |  2.3
Dodging        | 3 |  3.7
Spellcasting   | 4 |  4.2
Conjurations   | 2 |  2.6
Earth Magic    | 4 |  4.1

Action                     |  1- 3 |  4- 6 || total
---------------------------+-------+-------++-------
   Fire: Arbalest          |    12 |    13 ||    25
   Cast: Sandblast         |    40 |     4 ||    44
    Use: Potion            |       |     2 ||     2
         Scroll            |       |     1 ||     1
 Armour: Robe              |     7 |     4 ||    11
  Dodge: Dodged            |    25 |     9 ||    34

Table legend: (Time is in decaauts)
 A = Elapsed time spent in this place.
 B = Non-inter-level travel time spent in this place.
 C = Inter-level travel time spent in this place.
 D = Time resting spent in this place.
 E = Time spent auto-exploring this place.
 F = Levels seen in this place.
 G = Mean time per level.
                   A        B        C        D        E       F      G
               +--------+--------+--------+--------+--------+-----+--------+
         Total |   1639 |   1557 |     82 |    122 |   1106 |   3 |  546.3 |
       Dungeon |   1639 |   1557 |     82 |    122 |   1106 |   3 |  546.3 |
               +--------+--------+--------+--------+--------+-----+--------+

Top non-repeatable levels by time:
     D:1: 1372 daAuts
     D:2: 266 daAuts
     D:3: 0 daAuts
